 Dungeon Crawl Stone Soup version 0.31.0-12-g77e489cdc1 (webtiles) character file.

Game seed: 5910162880764607365

1 Goblin1989 the Sneak (level 1, 0/18 HPs)
             Began as a Demonspawn Delver on Feb 17, 2024.
             Slain by an adder (3 damage)
             ... on level 5 of the Dungeon.
             The game lasted 00:01:21 (111 turns).

Goblin1989 the Sneak (Demonspawn Delver)             Turns: 111, Time: 00:01:21

Health: 0/18       AC:  3    Str: 12    XL:     1   Next: 16%
Magic:  1/1        EV: 11    Int: 10    God:
Gold:   0          SH:  0    Dex: 14    Spells: 0/0 levels left

rFire   . . .        a - +0 flail (protect)
rCold   . . .        (no shield)
rNeg    . . .        b - +0 leather armour
rPois   .            (no helmet)
rElec   .            (no cloak)
rCorr   .            (no gloves)
SInv    .            (no boots)
Will    .....        (no amulet)
Stlth   ++           (no ring)
HPRegen 0.23/turn    (no ring)
MPRegen 0.07/turn

%: no passive effects
@: no status effects
A: no striking features
a: no special abilities


You were on level 5 of the Dungeon.
You visited 1 branch of the dungeon, and saw 1 of its levels.

Inventory:

Hand Weapons
 a - a +0 flail of protection (weapon)
Armour
 b - a +0 leather armour (worn)
Wands
 g - a wand of digging (3) {@v3}
Scrolls
 c - a scroll of fog
 d - a scroll of revelation
 e - a scroll of fear
Potions
 f - a potion of haste {@q3,}


   Skills:
 - Level 3.0 Fighting
 + Level 1.9 Maces & Flails
 - Level 1.7 Dodging
 - Level 4.5 Stealth


You couldn't memorise any spells.
You didn't know any spells.
Your spell library was empty.

Dungeon Overview and Level Annotations

Branches:
Dungeon (5/15) Zot: 5884
 Temple: D:4-7

Altars:


Message History

Bad monster_list_colour key: strict_neutral Options error: Unknown explore stop condition 'gates' (Goblin1989.rc:83) Welcome, Goblin1989 the Demonspawn Delver.
Everyone else who sought the Orb of Zot has failed.
Will you be different?
Press ? for a list of commands and other information.
Found 18 gold pieces and a robe.
Found an escape hatch in the floor.
Found a stone staircase leading down.
A white imp comes into view.
There is a stone staircase leading down here.
Found a runed flail.
Found a scroll labelled ROVUFIV WEROBLEH.
Found a smoky orange potion.
A quokka comes into view.
Found a short bronze wand.
You see here a +0 flail of protection.
h - a +0 flail of protection Your +0 flail of protection hums with potential!
h - a +0 flail of protection (weapon)
You drop a +0 mace.
Adjust (i)tems, (s)pells, or (a)bilities?
h - a +0 flail of protection (weapon)
Adjust to which letter? (? for menu, Esc to quit)
a - a +0 flail of protection (weapon)
Found 8 gold pieces.
A quasit comes into view.
The quokka barely misses you. The quokka misses you.
You closely miss the quokka. The quokka closely misses you.
The quokka bites you but does no damage.
You see here a +0 mace.
You closely miss the quokka. The quokka misses you.
You hit the quokka.
Your weapon exudes an aura of protection.
You kill the quokka!
Things that are here:
a +0 mace; a quokka corpse
Found a leather armour.
Found a robe.
A black bear comes into view.
Found a twisted granite ring.
Found a yellow potion.
An adder comes into view.
An iguana comes into view.
The iguana moves out of view.
The adder hisses angrily.
The adder bites you but does no damage.
You hit the adder.
Your weapon exudes an aura of protection.
The adder is lightly wounded.
The adder bites you.
You are poisoned.
The adder poisons you! The adder barely misses you.
You take 1 damage, and have 17/18 hp.
You barely miss the adder.
The adder is lightly wounded.
You feel sick.
The adder bites you but does no damage. x2
You take 2 damage, and have 15/18 hp.
You barely miss the adder.
The adder is lightly wounded.
You feel sick. The adder barely misses you. The adder bites you.
You are more poisoned.
The adder poisons you!
You take 5 damage, and have 10/18 hp.
MASSIVE DAMAGE!!
You hit the adder.
Your weapon exudes an aura of protection.
The adder is severely wounded.
You feel sick. The adder closely misses you.
You take 1 damage, and have 9/18 hp.
You miss the adder.
The adder is severely wounded.
You feel sick. The adder barely misses you.
The adder bites you but does no damage.
You take 2 damage, and have 7/18 hp.
You closely miss the adder.
The adder is severely wounded.
You feel sick. The adder closely misses you.
The adder bites you but does no damage.
You take 1 damage, and have 6/18 hp.
You closely miss the adder.
The adder is severely wounded.
You feel sick. The adder bites you but does no damage.
You take 1 damage, and have 5/18 hp.
You barely miss the adder.
The adder is severely wounded.
You feel sick. The adder bites you.
* * * LOW HITPOINT WARNING * * *
The adder bites you but does no damage.
You take 1 damage, and have 4/18 hp.
You closely miss the adder.
The adder is severely wounded.
You feel sick.
You are no longer poisoned.
The adder barely misses you. The adder bites you.
You die... >......>█ ████████████

........█████████..........█
..................███████..█
......[...████████████....██
.......................████
.........█.█████████████
....██████...██.......█
..███ ███.██.......█ ....██
█..█.@S....█ .....██
██.........█ ......█
██.!......█ ).....█
█.........█ ......██
...........█ .......█
.████......... .......█ █
█......... ..!......█
█.█....... ..........
.......


You could see an adder.

Vanquished Creatures
  A quokka (D:5)
1 creature vanquished.

Notes
Turn   | Place    | Note
-------+----------+-------------------------------------------
     0 | D:5      | Goblin1989 the Demonspawn Delver began the quest for the
                  | Orb.
     0 | D:5      | Reached XP level 1. HP: 18/18 MP: 1/1
    18 | D:5      | Noticed a quasit
    35 | D:5      | Noticed a black bear
   101 | D:5      | Noticed an iguana
   111 | D:5      | Slain by an adder

Illustrated notes

Levels and vault maps discovered:
D:5:      layout_rooms, serial_demonic, serial_demonic_f, serial_demonic_b,
          serial_demonic_a, serial_demonic_d

Action                     || total
---------------------------++-------
  Melee: Flail             ||    12
 Armour: Leather armour    ||    12
  Dodge: Dodged            ||    10
